 Dungeon Crawl Stone Soup version 0.23-a0-681-g26ad783 (webtiles) character file.

165 snetch the Skirmisher (level 5, -1/50 HPs)
             Began as a Minotaur Berserker on Jan 11, 2019.
             Was a Believer of Trog.
             Slain by a gnoll (5 damage)
             ... on level 3 of the Dungeon.
             The game lasted 00:06:46 (1956 turns).

snetch the Skirmisher (Minotaur Berserker)          Turns: 1956, Time: 00:06:47

Health: -1/50      AC:  9    Str: 21 (22) XL:     5   Next: 22%
Magic:  4/4        EV:  8    Int:  3 (4)  God:    Trog [**....]
Gold:   158        SH:  0    Dex:  7 (10) Spells: 4/4 levels left

rFire    . . .     SeeInvis .   a - +2 short sword (venom)
rCold    . . .     Gourm    .   (no shield)
rNeg     . . .     Faith    .   t - +0 chain mail
rPois    .         Spirit   .   (helmet restricted)
rElec    .         Reflect  .   (no cloak)
rCorr    .         Harm     .   (no gloves)
MR       ++...                  (no boots)
Stlth    ..........             (no amulet)
HPRegen  1.16/turn              p - ring of stealth
MPRegen  0.09/turn              (no ring)

@: lethally poisoned (-1 -> -1), berserk cooldown, flying, regenerating, slowed,
very slow
A: retaliatory headbutt, horns 2
a: Berserk, Trog's Hand, Renounce Religion


You were on level 3 of the Dungeon.
You worshipped Trog.
Trog was pleased with you.
You were near starving.

You visited 1 branch of the dungeon, and saw 3 of its levels.

You collected 158 gold pieces.

Inventory:

Hand Weapons
 a - a +2 short sword of venom (weapon)
 b - a +0 hunting sling
 e - a +0 hand axe
 j - a +0 whip of freezing
Missiles
 h - 24 stones (quivered)
 i - 56 sling bullets
 l - 19 bolts
 s - 13 poisoned needles
Armour
 t - a +0 chain mail (worn)
Jewellery
 p - a ring of stealth (left hand)
Scrolls
 f - 4 scrolls of identify
 k - 2 scrolls of remove curse {unknown}
 o - a scroll of enchant weapon
 q - a scroll of noise {unknown}
 r - a scroll of amnesia {unknown}
Comestibles
 c - 7 rations
 d - 2 chunks of flesh


   Skills:
 + Level 6.0 Fighting
 - Level 3.6 Axes
 + Level 3.0 Armour
 + Level 3.2 Dodging
 + Level 1.4 Stealth


You had 4 spell levels left.
You didn't know any spells.
Your spell library was empty.

Dungeon Overview and Level Annotations

Branches:
Dungeon (3/15)

Altars:
Elyvilon
Sif Muna
Xom


Innate Abilities, Weirdness & Mutations

You reflexively headbutt those who attack you in melee.
You have a pair of horns on your head.


Message History

You puncture the gnoll!
You kill the gnoll!
Trog accepts your kill.
Your Fighting skill increases to level 6!
* * * LOW HITPOINT WARNING * * *
You feel sick.
You are no longer berserk.
You are exhausted.
You feel yourself slow down. The goblin barely misses you.
You furiously retaliate!
You headbutt the goblin. The gnoll hits you but does no damage.
Found two shimmering altars of Xom.
Items here: ) [[ †† a +0 club; a +0 animal skin; a +0 helmet; the hobgoblin corpse of Robin a hobgoblin corpse Your skin crawls.
You feel resistant to hostile enchantments.
You are near starving!
You feel sick. The gnoll hits you but does no damage. The gnoll hits you.
You die...

### #<# #)#
#)# #@#
#....ggg...#
.....g.##..#
._..._. ..#
....... ...
....... ....
....... ....
..._... ####


You could see 3 gnolls and a goblin.

Vanquished Creatures
  A centaur skeleton (D:2)
  Robin (D:3)
  2 gnolls
  3 adders (D:2)
  3 worms (D:2)
  A dart slug (D:1)
  A leopard gecko (D:1)
  A bat (D:1)
  2 giant cockroaches
  11 goblins
  12 hobgoblins
  2 ball pythons
  7 frilled lizards
  11 kobolds
  10 rats
68 creatures vanquished.

Notes
Turn   | Place    | Note
-------+----------+-------------------------------------------
     0 | D:1      | snetch the Minotaur Berserker began the quest for the Orb.
     0 | D:1      | Reached XP level 1. HP: 19/19 MP: 0/0
   127 | D:1      | Reached skill level 4 in Fighting
   134 | D:1      | HP: 1/20 [gnoll/+0 whip of freezing (2)]
   135 | D:1      | Reached XP level 2. HP: 1/28 MP: 1/1
   636 | D:1      | Reached XP level 3. HP: 28/34 MP: 2/2
   648 | D:1      | You fall through a shaft!
   895 | D:1      | Reached ** piety under Trog
   895 | D:1      | Reached skill level 5 in Fighting
  1240 | D:2      | Reached XP level 4. HP: 35/42 MP: 3/3
  1362 | D:2      | Found a deep blue altar of Sif Muna.
  1540 | D:2      | Reached skill level 1 in Stealth
  1707 | D:2      | Found a white marble altar of Elyvilon.
  1917 | D:3      | Found a shimmering altar of Xom.
  1925 | D:3      | Noticed Robin
  1944 | D:3      | Reached XP level 5. HP: 13/50 MP: 4/4
  1953 | D:3      | Killed Robin
  1954 | D:3      | Reached skill level 6 in Fighting
  1955 | D:3      | Found a shimmering altar of Xom.
  1955 | D:3      | Found a shimmering altar of Xom.
  1956 | D:3      | Slain by a gnoll

Vault maps used:
D:1:      lightli_iron_boxes, hangedman_decor_clover_reticule,
          minmay_pentomino_q2
D:2:      lemuel_coloured_pillars_altar, lemuel_blue_sif_altar
D:3:      nicolae_xom_altar_mimics, uniq_robin, uniq_ijyb

Skill      XL: |  1  2  3  4  5 |
---------------+----------------+-----
Fighting       | 4 5 6 |  6.0
Dodging        | 3 |  3.2
Stealth        | 1 |  1.4
Armour         | 3 |  3.0
Axes           | |  3.6

Action                   |  1- 3 |  4- 6 || total
-------------------------+-------+-------++-------
Melee: Hand axe          |    12 |       ||    12
       Headbutt          |    10 |    10 ||    20
       Whip              |    19 |       ||    19
       Short sword       |    42 |    44 ||    86
Invok: Berserk           |       |     1 ||     1
       Trog's Hand       |       |     1 ||     1
  Use: Potion            |       |     2 ||     2
       Scroll            |       |     1 ||     1
 Stab: Sleeping          |     2 |     3 ||     5
  Eat: Chunk             |     1 |     2 ||     3
Armor: Animal skin       |    14 |     2 ||    16
       Chain mail        |       |     9 ||     9
Dodge: Dodged            |    35 |    21 ||    56

Table legend:
 A = Non-vault XP
 B = Vault XP
 C = Vault XP percentage of total XP
 D = Non-vault monster count
 E = Vault monster count
 F = Vault count percentage of total count
                 A         B        C        D         E       F
            +---------+---------+-------+---------+---------+-------
      Total |     199 |      38 |  16.0 |      54 |      14 |  20.6
            +---------+---------+-------+---------+---------+-------
        D:1 |      55 |       2 |   3.5 |      26 |       2 |   7.1
        D:2 |     127 |       0 |   0.0 |      26 |       0 |   0.0
        D:3 |      17 |      36 |  67.9 |       2 |      12 |  85.7
            +---------+---------+-------+---------+---------+-------
